 Dungeon Sprint DCSS version 0.29-a0-823-gc37b1572da (webtiles) character file.

Game seed: 10632765392749033868

12628 wilfster70 the End of an Era (level 11, -10/115 HPs)
             Began as a Minotaur Fighter on July 8, 2022.
             Was the Champion of Qazlal.
             Mangled by a royal mummy
             ... wielding a staff of cold
              (20 damage)
             ... in the Dungeon (Sprint V: "Ziggurat Sprint").
             The game lasted 00:08:22 (1487 turns).

wilfster70 the End of an Era (Minotaur Fighter)     Turns: 1487, Time: 00:08:24

Health: -10/115    AC: 44    Str: 24    XL:     11   Next: 64%
Magic:  6/21       EV:  4    Int:  5    God:    Qazlal [******]
Gold:   0          SH: 39    Dex: 11    Spells: 10/10 levels left

rFire   + + .      SeeInvis .   a - +8 lance "Wyrmbane" {slay drac, rPois rF+ rC+ AC+3}
rCold   + + +      Faith    .   c - +18 shield of the Gong {rElec rN+ Will+ EV-5}
rNeg    + . .      Spirit   .   b - +12 gold dragon scales
rPois   +          Reflect  .   (helmet restricted)
rElec   +          Harm     .   A - +2 cloak {Will+}
rCorr   .          Rampage  .   (no gloves)
Will    ++...      NoTele   +   (no boots)
Stlth   ..........              B - amulet of regeneration
HPRegen 1.09/turn               z - ring of the Octopus King {rC+ HP+2 AC+2 EV+2 SH+2}
MPRegen 0.17/turn               (no ring)

@: protected from physical damage, studying Staves, repel missiles
A: horns 2, retaliatory headbutt
a: Renounce Religion, Upheaval, Elemental Force, Disaster Area


You were in the Dungeon.
You worshipped Qazlal.
Qazlal was exalted by your worship.
You visited 1 branch

Inventory:

Hand Weapons
 a - the +8 lance "Wyrmbane" (weapon) {slay drac, rPois rF+ rC+ AC+3}
   (You found it in the Dungeon)

   It inflicts extra damage against dragons and draconians.
   AC:        It affects your AC (+3).
   rF:        It protects you from fire.
   rC:        It protects you from cold.
   rPois:     It protects you from poison.
Armour
 b - +12 gold dragon scales (worn)
 c - the +18 shield of the Gong (worn) {rElec rN+ Will+ EV-5}
   (You found it in the Dungeon)

   It is deafeningly noisy when blocking attacks.
   EV:        It affects your evasion (-5).
   rElec:     It insulates you from electricity.
   rN:        It protects you from negative energy.
   Will:      It increases your willpower.
 A - a +2 cloak of willpower (worn)
Jewellery
 n - a +4 ring of evasion
 x - a ring of see invisible
 z - a ring of the Octopus King (left hand) {rC+ HP+2 AC+2 EV+2 SH+2}
   (You found it in the Dungeon)

   [ring of protection from cold]

   AC:        It affects your AC (+2).
   EV:        It affects your evasion (+2).
   rC:        It protects you from cold.
   HP:        It affects your health (+2).
   SH:        It affects your SH (+2).
 B - an amulet of regeneration (around neck)
 D - the ring "Diecir" {rN+ Slay+5}
   (You found it in the Dungeon)

   [ring of positive energy]

   Slay:      It affects your accuracy & damage with ranged weapons and melee
   (+5).
   rN:        It protects you from negative energy.
 E - the ring "Muoc" {Dex+4 Slay+3 SInv}
   (You found it in the Dungeon)

   [ring of see invisible]

   Dex:       It affects your dexterity (+4).
   Slay:      It affects your accuracy & damage with ranged weapons and melee
   (+3).
   SInv:      It lets you see invisible.
Wands
 s - a wand of iceblast (7)
 t - a wand of light (7)
 v - a wand of mindburst (7)
Scrolls
 j - 4 scrolls of blinking
 o - 4 scrolls of amnesia
 r - 5 scrolls of identify
 u - 7 scrolls of fog
 w - 2 scrolls of fear
Potions
 d - 9 potions of might
 e - 10 potions of curing
 f - 4 potions of heal wounds
 g - 6 potions of haste
 h - 7 potions of magic
 i - 3 potions of berserk rage
 k - 2 potions of brilliance
 l - 2 potions of invisibility
 m - 4 potions of resistance
 q - 2 potions of attraction {unknown}
Miscellaneous
 p - a tin of tremorstones (2/2)
 y - a lightning rod (4/4)
 C - a condenser vane


   Skills:
 + Level 15.4 Fighting
 - Level 12.0 Polearms
 + Level 15.4 Armour
 - Level 9.8 Dodging
 - Level 11.1 Shields
 * Level 15.5 Invocations
 + Level 8.5 Evocations


You had 10 spell levels left.
You didn't know any spells.
Your spell library contained the following spells:

 Spells                   Type           Power      Damage    Failure   Level
 Inner Flame              Hex/Fire       0%         N/A       100%        3
 Tukima's Dance           Hex            0%         N/A       100%        3
 Cause Fear               Hex            0%         N/A       100%        4
 Hailstorm                Conj/Ice       0%         3d3       100%        4
 Ice Form                 Ice/Tmut       0%         N/A       100%        4
 Leda's Liquefaction      Hex/Erth       0%         N/A       100%        4
 Passage of Golubria      Tloc           0%         N/A       100%        4
 Petrify                  Tmut/Erth      0%         N/A       100%        4
 Metabolic Englaciation   Hex/Ice        0%         N/A       100%        5
 Summon Forest            Summ/Tloc      0%         N/A       100%        5
 Summon Mana Viper        Hex/Summ       0%         N/A       100%        5
 Yara's Violent Unravell  Hex/Tmut       0%         3d3       100%        5
 Simulacrum               Ice/Necr       0%         N/A       100%        6
 Statue Form              Tmut/Erth      0%         N/A       100%        6
 Summon Cactus Giant      Summ           0%         N/A       100%        6
 Dragon Form              Tmut           0%         N/A       100%        7
 Dragon's Call            Summ           0%         N/A       100%        9


Dungeon Overview and Level Annotations

Branches:
Dungeon (1/1)

Altars:
Ashenzari
Cheibriados
Dithmenos
Elyvilon
Fedhas
Gozag
Hepliaklqana
Kikubaaqudgha
Makhleb
Nemelex Xobeh
Okawaru
Qazlal
Ru
Sif Muna
Trog
Uskayaw
Vehumet
Wu Jian
Xom
Yredelemnul
Zin
The Shining One
Jiyva
Lugonu

Annotations:
D 1 transporter


Innate Abilities, Weirdness & Mutations

You have a pair of horns on your head.
You reflexively headbutt those who attack you in melee.


Message History

The royal mummy is moderately damaged.
The emperor scorpion is engulfed in freezing vapours.
You block the emperor scorpion's attack.
PTOANNNG!
You block the emperor scorpion's attack.
BONNNG!
The emperor scorpion claws you.
You feel protected from physical attacks.
The royal mummy casts a spell at you. Something smites you!
* * * LOW HITPOINT WARNING * * *
The emperor scorpion is engulfed in freezing vapours.
You block the emperor scorpion's attack.
GONNNNG!
The emperor scorpion barely misses you. The emperor scorpion claws you.
* * * LOW HITPOINT WARNING * * *
The emperor scorpion is engulfed in blazing flames.
The emperor scorpion stings you.
* * * LOW HITPOINT WARNING * * *
The emperor scorpion claws you but does no damage. x2
You hit the royal mummy.
The royal mummy is moderately damaged.
You feel yourself speed up.
The emperor scorpion is engulfed in freezing vapours.
You block the emperor scorpion's attack.
BONNNG!
You block the emperor scorpion's attack.
SHROANNG!
The emperor scorpion claws you but does no damage.
You block the emperor scorpion's attack.
BONNNG!
The emperor scorpion claws you but does no damage. x2
The emperor scorpion is engulfed in freezing vapours.
The emperor scorpion stings you.
* * * LOW HITPOINT WARNING * * *
You block the emperor scorpion's attack.
GONNNNG!
The emperor scorpion claws you but does no damage.
The royal mummy hits you with a staff of cold!!
You die...

▓........▓..
▓▓▓▓▓▓▓▓▓▓▓▓▓...)....▓..
▓....8©8....▓...)))..▓..
▓..)..::..≈.▓.▓....▓.▓.▓
▓....|)=[[..▓...©....▓..
▓...?.".=≈..▓▓▓▓▓▓▓▓▓▓▓▓
▓........°..▓...8©8...▓.
▓....☼sMs...▓..}..)...▓.
▓.....°@s○..▓.....)...▓.
▓......°..≈.▓...[)....▓.
▓..▓...°○▓..▓.........▓.
▓...........▓..†......▓.
▓.....©.....▓.........▓.
▓▓▓▓▓▓▓▓▓▓▓▓▓.▓.....▓.▓.
▓..}.8©8....▓....©....▓.
▓.....|})|..▓▓▓▓▓▓▓▓▓▓▓▓
▓....).=)...▓...8©8...▓.


You could see a royal mummy and 3 emperor scorpions.

Vanquished Creatures
  A catoblepas (D)
  A vampire mage (D)
  A sun demon (D)
  A skeletal warrior (D)
  A pharaoh ant (D)
  A sun moth (D)
  A necromancer (D)
  2 wolf spiders (D)
  An elephant (D)
  A torpor snail (D)
  2 cane toads (D)
  A demonic crawler (D)
  4 guardian mummies (D)
  3 hornets (D)
  A blink frog (D)
  A jumping spider (D)
  3 flying skulls (D)
  A shadow (D)
  2 spriggans (D)
  Sigmund (D)
  A ynoxinul (D)
  3 yaks (D)
  A wyvern (D)
  2 ushabtiu (D)
  A redback (D)
  3 water moccasins (D)
  2 orc warriors (D)
  2 black bears (D)
  3 wolves (D)
  Blork the orc (D)
  A bullfrog (D)
  A necrophage (D)
  A wight (D)
  2 quasits (D)
  10 orc priests (D)
  Crazy Yiuf (D)
  4 iron imps (D)
  Jessica (D)
  4 orc wizards (D)
  3 mummies (D)
  A river rat (D)
  4 shadow imps (D)
  A white imp (D)
  2 ufetubi (D)
  7 orcs (D)
  A bat skeleton (D)
  A jackal (D)
  A ball python skeleton (D)
  2 quokka skeletons (D)
  A quokka zombie (D)
  2 fire vortices (D)
100 creatures vanquished.

Vanquished Creatures (others)
  A pandemonium lord (D)
  A rust devil (D)
  A fire vortex (D)
3 creatures vanquished.

Grand Total: 103 creatures vanquished

Notes
Turn   | Place    | Note
-------+----------+-------------------------------------------
     0 | D        | wilfster70 the Minotaur Fighter began the quest for the
                  | Orb.
     0 | D        | Reached XP level 1. HP: 19/19 MP: 0/0
    16 | D        | Found a shimmering blue altar of Sif Muna.
    16 | D        | Found a bloodstained altar of Trog.
    16 | D        | Found a sacrificial altar of Ru.
    16 | D        | Found a stormy altar of Qazlal.
    16 | D        | Found an iron altar of Okawaru.
    19 | D        | Found a sparkling altar of Nemelex Xobeh.
    19 | D        | Found the +6 Majin-Bo {vamp, MP+6 Int+6}
    19 | D        | Found the +9 heavy crossbow "Sniper" {vorpal, Acc+∞ SInv}
    19 | D        | Found the +10 dark maul {vorpal}
    19 | D        | Found the +15 Maxwell's patent armour {-Cast -Tele rElec
                  | Will+ rCorr}
    19 | D        | Found the +18 shield of the Gong {rElec rN+ Will+ EV-5}
    19 | D        | Found the +14 obsidian axe {vorpal, Mesm Drain Fly SInv}
    19 | D        | Found the +7 great mace "Firestarter" {inner flame, rF++}
    19 | D        | Found the +6 shillelagh "Devastator" {shatter}
    19 | D        | Found the +11 plutonium sword {Contam Stlth-}
    19 | D        | Found the +8 lance "Wyrmbane" {slay drac, rPois rF+ rC+
                  | AC+3}
    19 | D        | Found the +9 sword of Zonguldrok {reap}
    19 | D        | Found the +13 scythe of Curses {drain, Drain}
    19 | D        | Found the +5 sword of Power {vorpal}
    19 | D        | Found the +7 mace of Variability {chain chaos}
    19 | D        | Found the +7 Singing Sword {vorpal, sonic wave}
    19 | D        | Found the +8 storm bow {elec, penet}
    20 | D        | Found an ancient bone altar of Kikubaaqudgha.
    20 | D        | Found a corrupted altar of Lugonu.
    20 | D        | Found a transporter.
    20 | D        | Found a burning altar of Makhleb.
    20 | D        | Found a viscous altar of Jiyva.
    20 | D        | Found a hazy altar of Hepliaklqana.
    47 | D        | Became a worshipper of Qazlal Stormbringer
    77 | D        | Found a blossoming altar of Fedhas.
    79 | D        | Found an opulent altar of Gozag.
    81 | D        | Reached skill level 5 in Fighting
    81 | D        | Reached skill level 5 in Armour
    81 | D        | Reached skill level 5 in Shields
    81 | D        | Reached XP level 2. HP: 29/29 MP: 0/3
   123 | D        | Entered arena 2.
   123 | D        | Found a transporter.
   146 | D        | Entered arena 3.
   146 | D        | Noticed a yak
   146 | D        | Found a transporter.
   150 | D        | Killed a yak
   150 | D        | Reached * piety under Qazlal
   151 | D        | Reached skill level 5 in Dodging
   151 | D        | Reached XP level 3. HP: 38/38 MP: 3/5
   151 | D        | Reached XP level 4. HP: 45/45 MP: 3/6
   151 | D        | Reached XP level 5. HP: 51/51 MP: 3/7
   191 | D        | Entered arena 4.
   191 | D        | Found a transporter.
   195 | D        | Reached ** piety under Qazlal
   306 | D        | Entered arena 5.
   306 | D        | Noticed Sigmund
   306 | D        | Noticed Jessica
   306 | D        | Noticed Blork the orc
   306 | D        | Noticed Crazy Yiuf
   306 | D        | Found a transporter.
   313 | D        | Killed Crazy Yiuf
   313 | D        | Reached *** piety under Qazlal
   314 | D        | Reached skill level 5 in Invocations
   314 | D        | Reached XP level 6. HP: 60/60 MP: 8/8
   316 | D        | Killed Blork the orc
   321 | D        | Killed Sigmund
   323 | D        | Killed Jessica
   355 | D        | Entered arena 6.
   355 | D        | Found the ring of the Octopus King {rC+ HP+2 AC+2 EV+2
                  | SH+2}
   355 | D        | Found a transporter.
   358 | D        | Reached **** piety under Qazlal
   359 | D        | Reached XP level 7. HP: 69/69 MP: 10/10
   371 | D        | Got a ring of the Octopus King {rC+ HP+2 AC+2 EV+2 SH+2}
   381 | D        | Entered arena 7.
   382 | D        | Found a transporter.
   386 | D        | Reached ***** piety under Qazlal
   521 | D        | Entered arena 8.
   521 | D        | Noticed Hyfiyll the pandemonium lord
   521 | D        | Noticed a rust devil
   529 | D        | Killed a rust devil
   530 | D        | Reached XP level 8. HP: 33/78 MP: 3/12
   542 | D        | Killed Hyfiyll the pandemonium lord
   543 | D        | Reached skill level 10 in Fighting
   543 | D        | Reached skill level 10 in Polearms
   543 | D        | Reached skill level 10 in Armour
   863 | D        | Found a transporter.
   886 | D        | Entered arena 9.
   886 | D        | Noticed a spriggan rider
   888 | D        | Reached skill level 10 in Shields
   888 | D        | Found a transporter.
   897 | D        | Reached XP level 9. HP: 86/86 MP: 4/14
   919 | D        | Reached ****** piety under Qazlal
   988 | D        | Entered arena 10.
   989 | D        | Found a transporter.
  1052 | D        | Entered arena 11.
  1052 | D        | Noticed a sun demon
  1053 | D        | Found a transporter.
  1067 | D        | Killed a sun demon
  1071 | D        | Reached skill level 10 in Invocations
  1127 | D        | Entered arena 12.
  1127 | D        | Noticed a pharaoh ant
  1127 | D        | Noticed a wolf spider
  1127 | D        | Noticed a sun moth
  1127 | D        | Noticed a demonic crawler
  1127 | D        | Noticed a torpor snail
  1130 | D        | Noticed a wolf spider
  1130 | D        | Killed a pharaoh ant
  1131 | D        | Reached XP level 10. HP: 89/99 MP: 7/17
  1136 | D        | Killed a wolf spider
  1137 | D        | Killed a wolf spider
  1138 | D        | Reached skill level 5 in Evocations
  1140 | D        | Killed a sun moth
  1141 | D        | Killed a torpor snail
  1149 | D        | Found a transporter.
  1254 | D        | Entered arena 13.
  1254 | D        | Noticed a vampire mage
  1254 | D        | Noticed a skeletal warrior
  1255 | D        | Identified the ring "Qeax" {Str+6 Slay+4}
  1255 | D        | Noticed a necromancer
  1257 | D        | Killed a vampire mage
  1257 | D        | Killed a skeletal warrior
  1257 | D        | Killed a necromancer
  1258 | D        | Reached XP level 11. HP: 110/110 MP: 2/20
  1259 | D        | Found a transporter.
  1277 | D        | Got Quff's Tractate on Beguiling and Incandescence
  1366 | D        | Entered arena 14.
  1368 | D        | Noticed a catoblepas
  1376 | D        | Killed a catoblepas
  1387 | D        | Found a transporter.
  1400 | D        | Got the ring "Diecir" {rN+ Slay+5}
  1409 | D        | Got the ring "Muoc" {Dex+4 Slay+3 SInv}
  1476 | D        | Entered arena 15.
  1477 | D        | Identified the amulet of Xoho {Reflect Rampage rF+ rC+
                  | SH+5}
  1479 | D        | Reached skill level 15 in Fighting
  1479 | D        | Reached skill level 15 in Armour
  1479 | D        | Reached skill level 15 in Invocations
  1479 | D        | Noticed a royal mummy
  1482 | D        | Found a transporter.
  1483 | D        | Noticed an emperor scorpion
  1483 | D        | Noticed an emperor scorpion
  1483 | D        | Noticed an emperor scorpion
  1487 | D        | Mangled by a royal mummy

Illustrated notes

Levels and vault maps discovered:
D:        sprint_v [room_start, room_1, room_2, room_3, room_4, room_5, room_6,
          room_7, room_8, room_9, room_10, room_11, room_12, room_13, room_14,
          room_15, room_16, room_17, room_18, room_19, room_20, room_21,
          room_22, room_23, room_24, room_25, room_26, room_27]

Skill      XL: |  1  2  3  4  5  6  7  8  9 10 11 |
---------------+----------------------------------+-----
Fighting       | 5 6 7 8 9 10 12 14 15 | 15.4
Polearms       | 4 6 8 9 11 12 | 12.0
Armour         | 5 6 7 8 9 10 12 14 15 | 15.4
Dodging        | 2 5 6 7 8 9 |  9.8
Shields        | 5 6 7 8 9 10 11 | 11.1
Invocations    | 2 4 5 6 7 8 11 13 15 | 15.5
Evocations     | 4 6 8 |  8.5

Action                   |  1- 3 |  4- 6 |  7- 9 | 10-12 || total
-------------------------+-------+-------+-------+-------++-------
Melee: Lance             |    12 |    30 |    90 |    35 ||   167
       Headbutt          |     1 |     5 |    16 |    11 ||    33
Invok: Disaster Area     |       |       |     5 |     7 ||    12
Evoke: Tin of tremorston |       |       |     1 |       ||     1
  Use: Potion            |     1 |       |     6 |       ||     7
       Scroll            |       |       |     4 |     4 ||     8
 Stab: Petrified         |       |       |       |     9 ||     9
       Petrifying        |       |       |       |     2 ||     2
Armor: Gold dragon scale |       |     3 |    24 |    39 ||    66
Dodge: Dodged            |       |     3 |     7 |     8 ||    18
Block: Kite shield       |    11 |    30 |   117 |    70 ||   228

Table legend: (Time is in decaauts)
 A = Elapsed time spent in this place.
 B = Non-inter-level travel time spent in this place.
 C = Inter-level travel time spent in this place.
 D = Time resting spent in this place.
 E = Time spent auto-exploring this place.
 F = Levels seen in this place.
 G = Mean time per level.
                   A        B        C        D        E       F      G
               +--------+--------+--------+--------+--------+-----+--------+
         Total |   1445 |   1439 |      6 |    940 |      0 |   1 | 1445.0 |
       Dungeon |   1445 |   1439 |      6 |    940 |      0 |   1 | 1445.0 |
               +--------+--------+--------+--------+--------+-----+--------+

Top non-repeatable levels by time:
       D: 1445 daAuts
